 Dungeon Crawl Stone Soup version 0.31-a0-174-g85c54bcb58 (webtiles) character file.

Game seed: 18234833134217343324

343 Moral the Ruffian (level 6, -1/32 HPs)
             Began as a Vine Stalker Transmuter on June 15, 2023.
             Slain by Edmund
             ... wielding a +5 flail of holy wrath
              (12 damage)
             ... on level 5 of the Dungeon.
             The game lasted 00:09:17 (3062 turns).

Moral the Ruffian (Vine Stalker Transmuter)         Turns: 3062, Time: 00:09:18

Health: -1/32      AC:  2    Str: 15    XL:     6   Next: 57%
Magic:  0/12       EV: 12    Int: 13    God:
Gold:   143        SH:  0    Dex: 14    Spells: 9/12 levels left

rFire   . .          .
                       - Unarmed
rCold   . . .        (no shield)
rNeg    . . .        a - +0 robe
rPois   .            (helmet currently unavailable)
rElec   .            (no cloak)
rCorr   +            (no gloves)
SInv    .            (boots currently unavailable)
Will    .....        d - amulet of faith
Stlth   +            r - ring of resist corrosion
HPRegen 1.05/turn    (no ring)
MPRegen 0.13/turn

%: guardian spirit, faith
@: appendages, wereblooded
A: horns 2, talons 2, fangs 2, regeneration 1, magic shield, antimagic bite, no
potion heal 2
a: End Transformation


You were on level 5 of the Dungeon.
You had temporarily grown beastly horns and talons.
You visited 1 branch of the dungeon, and saw 5 of its levels.

You collected 143 gold pieces.

Inventory:

Missiles
 p - a throwing net
Armour
 a - a +0 robe (worn)
Jewellery
 d - an amulet of faith (around neck)
 r - a ring of resist corrosion (left hand)
Wands
 o - a wand of polymorph (1)
 t - a wand of charming (6)
Scrolls
 e - a scroll of teleportation {unknown}
 g - a scroll of vulnerability {unknown}
 h - 2 scrolls of fog {unknown}
 j - 3 scrolls of identify {unknown}
 l - a scroll of enchant armour {unknown}
 m - a scroll of immolation {unknown}
Potions
 b - a potion of lignification
 c - a potion of heal wounds {unknown}
 f - a potion of enlightenment {unknown}
 i - a potion of attraction {unknown}
 k - 2 potions of ambrosia {unknown}
 n - a potion of brilliance {unknown}
 q - a potion of resistance {unknown}
 s - a potion of magic {unknown}


   Skills:
 * Level 2.8 Fighting
 + Level 2.3 Dodging
 * Level 4.2 Unarmed Combat
 * Level 3.7 Spellcasting
 * Level 3.5 Transmutations


You had 9 spell levels left.
You knew the following spells:

 Your Spells              Type           Power      Damage    Failure   Level
a - Beastly Appendage     Tmut           22%        N/A       4%          1
b - Wereblood             Tmut           11%        N/A       8%          2

Your spell library contained the following spells:

 Spells                   Type           Power      Damage    Failure   Level
 Spider Form              Tmut/Pois      7%         N/A       30%         3
 Lesser Beckoning         Tloc           4%         N/A       32%         2
 Gell's Gravitas          Tloc           2%         N/A       54%         3
 Ozocubu's Armour         Ice            2%         N/A       54%         3
 Teleport Other           Tloc           2%         N/A       54%         3
 Ice Form                 Ice/Tmut       7%         N/A       71%         4
 Metabolic Englaciation   Hex/Ice        1%         N/A       99%         5
 Simulacrum               Ice/Necr       1%         N/A       100%        6


Dungeon Overview and Level Annotations

Branches:
Dungeon (5/15)             Temple (0/1) D:5

Altars:

Annotations:
D:5 3 runed translucent doors, Edmund


Innate Abilities, Weirdness & Mutations

You have temporarily grown beastly horns and talons.
You have extremely sharp teeth.
Your natural rate of healing is unusually fast.
When hurt, damage is shared between your health and your magic reserves.
Your bite disrupts and absorbs the magic of your enemies.
Potions cannot restore your health.


Message History

Found a silver wand, a book of Winter and a hand axe.
Found a runed translucent gate.
There is a stone staircase leading up here.
The jackal barks!
The iguana hisses angrily.
You pick up a book of Winter and begin reading...
You add the spells Ozocubu's Armour, Metabolic Englaciation and Simulacrum to your library.
Found a staircase to the Ecumenical Temple.
Edmund the Younger comes into view.
He is wielding a +5 flail of holy wrath.
Found a stone staircase leading down.
Edmund is nearby!
An iguana comes into view.
Edmund shouts!
The iguana hisses angrily.
Casting: Wereblood (safe; 8% risk of failure)
Confirm with . or Enter, or press ? or * to list all spells.
You grow a pair of large bovine horns.
Your feet morph into talons.
Casting: Beastly Appendage (safe; 4% risk of failure)
Confirm with . or Enter, or press ? or * to list all spells.
Your blood is infused with primal strength.
Edmund says, "I might not be good at magic, but I can still kill you!"
You hit the iguana but do no damage. You barely miss the iguana.
Your kick misses the iguana. You bite the iguana, but do no damage.
The iguana closely misses you.
You closely miss the iguana. You claw the iguana, but do no damage.
You bite the iguana. You drain its power.
You feel invigorated.
The iguana is lightly wounded.
Edmund hits you with a +5 flail of holy wrath!
The iguana bites you.
You hit Edmund but do no damage. Edmund completely misses you.
The iguana completely misses you.
You barely miss Edmund. You headbutt Edmund, but do no damage.
Your bite misses Edmund. Edmund barely misses you. The iguana bites you.
You hit Edmund. You claw Edmund, but do no damage.
Edmund is lightly wounded.
Edmund hits you with a +5 flail of holy wrath!
The iguana bites you.
You hit Edmund.
Edmund is lightly wounded.
The iguana barely misses you.
Edmund hits you with a +5 flail of holy wrath!
You die...

#...lhhr#..##.#
.###+++###..#
.#
............#
.#
............# .
...##...#### .
#.#.# # # #.#.#
#...#.##.#.#
.....>l@.#.#
#...#.@..#.# #
....⌠.....
#...........
#..⌠.>.⌠.###.#
#........# #
#....⌠...#
........##


You could see Edmund and an iguana.

Vanquished Creatures
  A scorpion (D:3)
  A hound (D:4)
  An orc priest (D:3)
  Natasha (thrice) (D:3)
  A gnoll (D:3)
  4 adders
  16 dart slugs
  7 orcs
  5 bats
  6 endoplasms
  2 giant cockroaches
  5 hobgoblins
  A quokka (D:1)
  9 ball pythons
  A frilled lizard (D:2)
  4 goblins
  4 kobolds
  5 rats
76 creatures vanquished.

Notes
Turn   | Place    | Note
-------+----------+-------------------------------------------
     0 | D:1      | Moral the Vine Stalker Transmuter began the quest for the
                  | Orb.
     0 | D:1      | Reached XP level 1. HP: 9/9 MP: 4/4
    40 | D:1      | Reached skill level 1 in Fighting
   197 | D:1      | Reached XP level 2. HP: 14/14 MP: 4/6
   790 | D:2      | Reached XP level 3. HP: 10/18 MP: 4/7
   890 | D:2      | Learned a level 2 spell: Wereblood
  1542 | D:3      | Gained mutation: Your natural rate of healing is unusually
                  | fast. [Vine Stalker growth]
  1542 | D:3      | Reached XP level 4. HP: 10/22 MP: 2/9
  1694 | D:3      | Noticed Natasha
  1702 | D:3      | Killed Natasha
  1772 | D:3      | Reached XP level 5. HP: 22/26 MP: 4/10
  1784 | D:3      | Noticed Natasha
  1790 | D:3      | Killed Natasha
  1980 | D:3      | Reached skill level 4 in Unarmed Combat
  1980 | D:3      | Reached XP level 6. HP: 29/32 MP: 7/12
  2080 | D:3      | Noticed Natasha
  2096 | D:3      | Killed Natasha
  3037 | D:5      | Entered Level 5 of the Dungeon
  3037 | D:5      | Found a runed translucent gate.
  3038 | D:5      | Found a runed translucent gate.
  3038 | D:5      | Found a runed translucent gate.
  3050 | D:5      | Found a staircase to the Ecumenical Temple.
  3052 | D:5      | Noticed Edmund
  3062 | D:5      | Slain by Edmund

Illustrated notes

Levels and vault maps discovered:
D:1:      dpeg_arrival_leaves_temple_mockup, layout_rooms
D:2:      layout_basic, grunt_ministairs_7
D:3:      kennysheep_slugbush, layout_basic, portal_sewer_entry_a,
          minmay_close_crescents, uniq_natasha
D:4:      layout_loops_ring, serial_co_window_serial, co_window_cross_1,
          co_window_paths_a, co_window_paths_a, co_window_paths_b,
          co_window_corner_a, co_window_corner_cb, co_window_of_opportunity_c,
          co_window_unsneaky_path_d, co_window_of_opportunity_b,
          co_window_broadway_c, co_window_broadway_a, glass_columns_b,
          glass_columns_c, glass_columns_b, grunt_ministairs_7,
          minmay_misc_feat_cross
D:5:      layout_loops_ring, temple_fountains, gammafunk_ghost_split,
          minivault_27, hangedman_abyss_or_decor_jellyfish_corner,
          uniq_blork_the_orc, uniq_edmund, uniq_pikel

Skill      XL: |  1  2  3  4  5 |
---------------+----------------+-----
Fighting       | 1 2 |  2.8
Dodging        | 2 |  2.3
Spellcasting   | 3 |  3.7
Transmutations | 3 |  3.5
Unarmed Combat | 4 |  4.2

Action                     |  1- 3 |  4- 6 || total
---------------------------+-------+-------++-------
  Melee: Unarmed           |    78 |   106 ||   184
         Kick              |    16 |    32 ||    48
         Headbutt          |     8 |    15 ||    23
         Bite              |    16 |    22 ||    38
         Punch             |       |     2 ||     2
   Cast: Beastly Appendage |    19 |    22 ||    41
         Wereblood         |     3 |     6 ||     9
   Stab: Sleeping          |       |     1 ||     1
 Armour: Robe              |    11 |    17 ||    28
  Dodge: Dodged            |    56 |    91 ||   147

Table legend: (Time is in decaauts)
 A = Elapsed time spent in this place.
 B = Non-inter-level travel time spent in this place.
 C = Inter-level travel time spent in this place.
 D = Time resting spent in this place.
 E = Time spent auto-exploring this place.
 F = Levels seen in this place.
 G = Mean time per level.
                   A        B        C        D        E       F      G
               +--------+--------+--------+--------+--------+-----+--------+
         Total |   3074 |   3000 |     74 |    245 |   2003 |   5 |  614.8 |
       Dungeon |   3074 |   3000 |     74 |    245 |   2003 |   5 |  614.8 |
               +--------+--------+--------+--------+--------+-----+--------+

Top non-repeatable levels by time:
     D:2: 1087 daAuts
     D:3: 1037 daAuts
     D:1: 581 daAuts
     D:4: 343 daAuts
     D:5: 24 daAuts
